Map: Rhoskallian LE

Players

Thirteen - Winner!

  • Race: Terran Terran
  • League: Master
  • Spawn Location: 6:00

JigSAW - Winner!

  • Race: Terran Terran
  • League: Gold
  • Spawn Location: 5:00

qqq

  • Race: Protoss Protoss
  • Spawn Location: 11:00

Massa

  • Race: Terran Terran
  • League: Gold
  • Spawn Location: 12:00

VOD

Have the link to the VOD?

Description

Time

  • Played on: June 29, 2020, 1:29 p.m.
  • Length: 7:51
Show
View Real Time Build Order
Export as new Build Order

Thirteen Terran - Winner!

Build Orders: Reaper Expand 

Get SALT Encoding   

  12  0:00  SCV  
  13  0:13  SCV  
  14  0:18  Supply Depot  
  14  0:25  SCV  
  15  0:40  SCV  
  16  0:43  Barracks  
  16  0:46  Refinery  
  16  0:52  SCV  
  17  1:04  SCV  
  18  1:16  SCV  
  19  1:31  Orbital Command, Reaper  
  20  1:49  Command Center  
  20  1:52  Supply Depot  
  20  1:57  SCV  
  21  2:03  Marine  
  22  2:09  SCV  
  23  2:15  Factory  
  23  2:21  SCV, Marine  
  25  2:28  Barracks  
  25  2:35  SCV  
  26  2:40  Barracks  
  26  2:50  SCV, Marine  
  28  3:03  SCV, Orbital Command  
  29  3:20  SCV, Marine x2  
  29  3:21  Factory Tech Lab  
  29  3:24  Refinery  
  29  3:25  Starport  
  32  3:31  SCV  
  32  3:32  SCV  
  34  3:38  Starport, Barracks Tech Lab, Marine  
  35  3:43  SCV, Marine  
  38  3:48  SCV  
  38  3:52  Supply Depot  
  38  3:56  Refinery  
  38  4:03  SCV  
  38  4:04  SCV  
  40  4:11  Stimpack  
  40  4:13  Supply Depot  
  40  4:16  SCV  
  41  4:18  SCV  
  41  4:19  Marine x3  
  44  4:27  Starport Tech Lab, Starport Reactor  
  44  4:28  SCV  
  45  4:31  Supply Depot  
  45  4:37  SCV  
  46  4:38  Marine x2  
  46  4:39  Marine  
  46  4:40  SCV  
  46  4:43  Refinery  
  50  4:53  Command Center  
  50  4:56  Banshee  
  50  4:57  Marine  
  54  5:00  SCV x2  
  54  5:03  Marine  
  54  5:05  Medivac  
  59  5:09  Medivac  
  59  5:13  SCV x2  
  63  5:17  Supply Depot  
  63  5:21  Marine  
  63  5:25  SCV x2  
  66  5:29  Barracks Reactor  
  66  5:32  Supply Depot  
  66  5:35  Supply Depot  
  66  5:39  Medivac  
  71  5:55  SCV x2  
  73  6:03  Raven  
  72  6:07  SCV x2, Supply Depot  
  72  6:08  Supply Depot  
  72  6:09  Barracks Reactor, Marine x2  
  76  6:19  SCV, Supply Depot  
  76  6:20  SCV, Supply Depot  
  76  6:22  Barracks  
  76  6:23  Barracks  
  78  6:37  Marine x2  
  78  6:38  Marine  
  78  6:39  Medivac x2, Siege Tank  
  85  6:52  Marine  
  86  6:54  SCV  
  86  6:55  SCV, Orbital Command  
  86  7:04  Marine x4  
  86  7:06  Raven  
  86  7:07  SCV x2  
  92  7:11  Barracks Reactor x2  
  92  7:19  SCV  
  93  7:29  Marine  
  91  7:30  Marine x2  
  91  7:35  SCV  
  91  7:36  SCV x2  
  104  7:44  Barracks  
  104  7:45  Barracks  
Show
View Real Time Build Order
Export as new Build Order

JigSAW Terran - Winner!

Build Orders: Reaper Expand 

Get SALT Encoding   

  12  0:00  SCV  
  13  0:13  SCV  
  14  0:18  Supply Depot  
  14  0:25  SCV  
  15  0:39  SCV  
  15  0:41  Barracks  
  16  0:50  Refinery  
  16  0:52  SCV  
  17  1:04  SCV  
  18  1:16  SCV  
  19  1:28  Orbital Command  
  19  1:33  Reaper  
  20  1:44  Command Center  
  20  1:55  SCV  
  21  2:02  Supply Depot  
  21  2:05  Barracks  
  21  2:07  Marine  
  22  2:19  Factory  
  22  2:20  SCV  
  23  2:26  Marine  
  24  2:32  SCV  
  24  2:33  Refinery  
  25  2:44  SCV  
  26  2:59  Marine x2  
  26  3:01  SCV  
  26  3:04  Orbital Command  
  29  3:13  SCV  
  29  3:17  Marine  
  31  3:25  SCV  
  32  3:31  SCV  
  32  3:34  Marine  
  32  3:35  Marine  
  32  3:36  Factory Tech Lab  
  32  3:37  SCV  
  35  3:42  Starport  
  35  3:44  SCV  
  36  3:49  SCV  
  36  3:52  Refinery  
  36  3:53  Marine  
  39  3:56  SCV  
  39  3:57  Barracks, Siege Tank  
  39  3:59  Barracks Tech Lab  
  39  4:01  SCV  
  43  4:04  Barracks  
  43  4:08  SCV  
  44  4:10  Marine  
  44  4:13  SCV  
  46  4:20  Stimpack  
  46  4:24  Supply Depot  
  46  4:29  Supply Depot  
  46  4:45  Marine x3  
  46  4:46  SCV x2, Siege Tank  
  46  4:50  Medivac  
  46  4:52  Supply Depot  
  56  4:57  Barracks Reactor  
  56  4:58  SCV x2  
  58  5:03  Marine  
  58  5:04  Supply Depot  
  59  5:10  SCV x2, Engineering Bay  
  59  5:13  Engineering Bay  
  61  5:18  Siege Tank  
  64  5:22  SCV x2  
  64  5:26  Refinery, Marine  
  64  5:27  Marine x2  
  69  5:34  SCV  
  70  5:36  Marine  
  71  6:05  Command Center  
  71  6:07  Combat Shield  
  71  6:08  Marine  
  71  6:09  Marauder, Marine x2  
  71  6:10  Medivac  
  78  6:17  Supply Depot  
  78  6:20  Supply Depot  
  78  6:38  SCV x2, Siege Tank  
  78  6:39  Marauder  
  85  6:41  Medivac  
  87  6:50  SCV  
  82  7:04  SCV x2  
  82  7:07  Marine x5  
  89  7:10  Siege Tank  
  89  7:16  SCV x2  
  91  7:24  Marine  
  91  7:25  Marine x3  
  91  7:26  Orbital Command, Marauder  
  91  7:28  Refinery, SCV x2  
  91  7:29  Refinery, Supply Depot  
  99  7:33  Supply Depot  
  99  7:35  Supply Depot  
Show
View Real Time Build Order
Export as new Build Order

qqq Protoss 

Build Orders: 1 Gate Expand 

Get SALT Encoding   

  12  0:01  Probe  
  13  0:13  Probe  
  14  0:26  Pylon  
  14  0:30  Probe  
  15  0:44  Probe  
  16  0:55  Gateway  
  16  0:58  Pylon  
  16  1:21  Nexus  
  16  1:26  Pylon  
  16  1:34  Assimilator  
  16  1:41  Assimilator  
  16  1:57  Forge  
  16  2:06  Probe  
  17  2:17  Cybernetics Core  
  17  2:19  Probe  
  18  2:31  Probe  
  18  2:33  Probe  
  20  2:43  Probe  
  21  2:44  Stalker  
  21  2:45  Probe  
  22  2:57  Probe  
  25  3:06  Stargate  
  25  3:08  Probe  
  25  3:09  Probe  
  27  3:20  Stalker  
  27  3:21  Probe  
  30  3:33  Probe  
  31  3:41  Probe  
  32  3:45  Probe  
  32  3:47  Pylon  
  33  3:57  Probe  
  34  4:03  Phoenix  
  34  4:09  Probe, Stargate  
  37  4:16  Photon Cannon  
  37  4:22  Probe  
  38  4:34  Probe  
  38  4:35  Phoenix  
  41  4:43  Fleet Beacon  
  41  4:46  Probe  
  41  4:47  Assimilator  
  41  4:51  Assimilator  
  42  4:53  Photon Cannon  
  42  4:58  Probe  
  43  5:02  Phoenix  
  45  5:10  Probe  
  46  5:22  Probe  
  46  5:25  Phoenix  
  49  5:33  Protoss Air Weapons Level 1  
  49  5:34  Probe  
  50  5:46  Probe  
  45  5:58  Probe, Phoenix x2  
  50  6:12  Nexus  
  50  6:13  Robotics Facility  
  50  6:20  Photon Cannon  
  50  6:23  Photon Cannon  
  50  6:24  Shield Battery  
  50  6:28  Photon Cannon  
  50  6:40  Carrier  
  54  7:11  Pylon  
  54  7:13  Pylon  
  54  7:15  Pylon  
Show
View Real Time Build Order
Export as new Build Order

Massa Terran 

Build Orders:  

Get SALT Encoding   

  12  0:08  SCV  
  13  0:19  Supply Depot  
  13  0:20  SCV  
  14  0:32  SCV  
  15  0:42  Barracks  
  15  0:44  SCV  
  16  0:56  SCV  
  17  1:09  SCV  
  18  1:21  SCV  
  19  1:31  Marine  
  20  1:33  SCV  
  21  1:45  SCV  
  22  1:49  Marine  
  23  1:56  Barracks  
  23  2:07  Barracks  
  23  2:13  Supply Depot  
  23  2:14  Barracks  
  23  2:15  Supply Depot  
  23  2:16  Orbital Command  
  23  2:18  Refinery  
  23  2:34  Marine  
  24  2:38  Supply Depot  
  19  2:52  Marine  
  19  2:54  SCV  
  20  3:01  Marine  
  20  3:02  Marine x2  
  21  3:06  SCV  
  21  3:10  Marine  
  22  3:18  SCV  
  18  3:31  SCV  
  19  3:43  SCV, Supply Depot  
  19  3:46  Supply Depot  
  20  3:48  Marine  
  20  3:55  SCV  
  22  3:57  Marine  
  23  4:07  SCV  
  24  4:11  Marine x3  
  27  4:17  Marine  
  27  4:19  SCV  
  29  4:28  Marine  
  29  4:29  Marine x2  
  32  4:35  SCV, Marine  
  34  4:46  Marine x2  
  34  4:47  Marine  
  34  4:52  SCV  
  38  4:53  Marine  
  39  5:04  Marine x3  
  42  5:11  Marine  
  43  5:19  Command Center  
  43  5:25  Marine x2  
  45  5:39  Marine x2  
  47  5:43  Marine x2  
  32  5:57  Marine  
  29  5:58  Marine  
  29  6:00  Marine  
  29  6:01  Marine  
  33  6:09  SCV  
  34  6:14  Marine  
  34  6:16  Marine  
  35  6:18  Marine  
  35  6:21  SCV  
  37  6:26  Marine  
  37  6:32  Marine  
  38  6:33  SCV  
  38  6:34  Marine  
  42  6:45  SCV  
  42  6:49  Marine  
  42  6:50  Marine  
  42  6:52  Marine  
  42  6:53  Factory  
  38  7:07  Marine  
  27  7:16  Barracks, Bunker  
  27  7:20  Supply Depot  
  27  7:21  Supply Depot  
  26  7:24  Marine  
Tags
 
Add a new tag
Caveats
  • Supply blocks, unpowered buildings, or Contaminate may cause inaccurate times.
  • Supply counts are checked every 10 seconds.